 Dungeon Crawl Stone Soup version 0.20.1-1-g8b1a95d (webtiles) character file.

55 Linguinho the Skirmisher (level 3, 0/29 HPs)
             Began as a Demonspawn Fighter on Nov 12, 2017.
             Succumbed to an adder's poison
             ... on level 2 of the Dungeon.
             The game lasted 00:01:41 (1593 turns).

Linguinho the Skirmisher (Demonspawn Fighter)       Turns: 1593, Time: 00:01:41

Health: 0/29       AC:  8    Str: 17    XL:     3   Next: 67%
Magic:  3/3        EV:  6    Int:  9    God:
Gold:   40         SH:  8    Dex: 12    Spells: 2/2 levels left

rFire    . . .     SeeInvis .   a - +0 war axe
rCold    . . .     Gourm    .   c - +0 shield
rNeg     . . .     Faith    .   b - +0 scale mail
rPois    .         Spirit   .   (no helmet)
rElec    .         Reflect  .   (no cloak)
rCorr    .         Harm     .   (no gloves)
MR       .....                  q - +1 pair of boots
Stlth    ..........             (no amulet)
Regen    0.1/turn               (no ring)
MPRegen  0.1/turn               (no ring)

@: lethally poisoned (0 -> -12)
A: powered by death 1
a: no special abilities


You were on level 2 of the Dungeon.
You were not hungry.

You visited 1 branch of the dungeon, and saw 2 of its levels.

You collected 40 gold pieces.

Inventory:

Hand Weapons
 a - a +0 war axe (weapon)
Armour
 b - a +0 scale mail (worn)
 c - a +0 shield (worn)
 q - a +1 pair of boots (worn)
Jewellery
 m - an uncursed ring of positive energy {unknown}
Scrolls
 h - 2 scrolls of amnesia {unknown}
 i - 2 scrolls of enchant weapon {unknown}
 k - 7 scrolls of identify {unknown}
 l - 2 scrolls of remove curse {unknown}
 o - a scroll of random uselessness {unknown}
 p - a scroll of teleportation {unknown}
 s - a scroll of recharging {unknown}
Potions
 d - a potion of might
 e - 2 potions of curing {unknown}
 j - a potion of flight {unknown}
 n - a potion of cancellation
 t - a potion of heal wounds {unknown}
Comestibles
 f - 4 bread rations
 g - 3 fruits
 r - a royal jelly
 u - a chunk of flesh


   Skills:
 + Level 3.5 Fighting
 + Level 2.5 Axes
 + Level 3.1 Armour
 + Level 2.9 Shields


You had 2 spell levels left.
You didn't know any spells.

Dungeon Overview and Level Annotations

Branches:
Dungeon (2/15)

Altars:


Innate Abilities, Weirdness & Mutations

You regenerate a little health from kills.


Message History

You feel sick. The adder bites you but does no damage.
You block the adder's attack.
You hit the adder but do no damage.
The adder is severely wounded.
* * * LOW HITPOINT WARNING * * *
You feel sick. The adder barely misses you.
Your shield prevents you from hitting the adder.
The adder is severely wounded.
* * * LOW HITPOINT WARNING * * *
You feel sick. You block the adder's attack. The adder bites you.
* * * LOW HITPOINT WARNING * * *
You hit the adder.
The adder is almost dead.
* * * LOW HITPOINT WARNING * * *
You feel sick. The adder bites you.
* * * LOW HITPOINT WARNING * * *
You are more poisoned.
The adder poisons you! The adder bites you but does no damage.
It was a potion of cancellation.
You feel magically purged.
You die...

##......#......# #.#####
#..............# #......
#..............##########
#........................
#.####'#.################ #.#
#.#.# ######.... #.# #.#.#
#....#.### #.# #.#S#
#.##.#.#.. #.####.#@#
#.##.#.#.# #......#.#
#.##.#.#.# ############.#
#.##.#.#.# #...w......#.#####
#.##.#.#.#
#.########.#.....###.##.#.#.#
#.# #.#####.#......#.#.# #w#
#.# #.#.#.####.#.. #.# #.#
#.#.#.####.### #.# #.#
#.#.#.........


You could see an adder.

Vanquished Creatures
  A gnoll (D:1)
  An ooze (D:1)
  A worm (D:2)
  A dart slug (D:1)
  2 leopard geckos
  A giant cockroach (D:1)
  6 goblins (D:1)
  6 hobgoblins (D:1)
  3 jackals (D:1)
  3 kobolds
  4 bats (D:1)
  A frilled lizard (D:1)
  2 rats
32 creatures vanquished.

Notes
Turn   | Place    | Note
-------+----------+-------------------------------------------
     0 | D:1      | Linguinho the Demonspawn Fighter began the quest for the Orb.
     0 | D:1      | Reached XP level 1. HP: 18/18 MP: 1/1
   161 | D:1      | Gained mutation: You regenerate a little health from kills. [demonic ancestry]
   161 | D:1      | Reached XP level 2. HP: 24/24 MP: 2/2
   507 | D:1      | Reached XP level 3. HP: 29/29 MP: 3/3
  1592 | D:2      | HP: 1/29 [adder (2)]
  1593 | D:2      | Succumbed to an adder's poison

Skill      XL: |  1  2  3 |
---------------+----------+-----
Axes           | 2 |  2.5
Armour         | 3 |  3.1
Fighting       | |  3.5
Shields        | |  2.9

Action                   || total
-------------------------++-------
Melee: War axe           ||   121
  Use: Potion            ||     1
  Eat: Chunk             ||     2
Armor: Scale mail        ||    52
Dodge: Dodged            ||    30
Block: Shield            ||    54
